AoeStats
← [GDL] Maldito Pantoja

Black Forest

505981064Analyzed
4v4 RM · 21d ago on Sep 11, 2026· 35m 59s· 8 players
Game mode
Random Map
Map size
Large (8 player)
Population
200
Speed
Normal
Resources
Standard
Victory
Conquest
Starting age
Dark Age
Ending age
Imperial Age
RankedLock teamsTeams togetherTeam positionsShared explorationLock speedFull tech treeHidden civsTurbo modeCheats
Victory
Defeat
🇫🇷 Franks · France
1314
+15
🇹🇼 Aztecs · Taiwan
1287
+16
🇳🇱 Ethiopians · Netherlands
1286
+16
🇵🇹 Spanish · Portugal
1235
+17
🇺🇸 Cumans · United States
1311
-18
🇪🇸 Bohemians · Spain
1283
-16
🇲🇽 Italians · Mexico
1267
-15
🇺🇸 Japanese · United States
1264
-15
IDWARE21
1:50 Loom
12:10 Feudal Age
16:14 Castle Age
14:30 Fletching
15:03 Town Watch
18:00 Double-Bit Axe
17:57 Horse Collar
22:10 Bow Saw
24:59 Bodkin Arrow
28:27 Ballistics
29:55 Wheelbarrow
30:30 Gold Mining
30:30 Stone Mining
31:42 Hand Cart
32:07 Man-at-Arms
32:09 Pikeman
32:53 Scale Mail Armor
33:03 Forging
34:30 Chain Mail Armor
[GDL] Maldito Pantoja
1:10 Loom
12:06 Feudal Age
18:11 Horse Collar
18:19 Double-Bit Axe
18:26 Gold Mining
21:50 Castle Age
20:04 Stone Mining
24:37 Wheelbarrow
27:03 Heavy Plow
34:16 Imperial Age
32:41 Hand Cart
32:49 Fletching
32:59 Padded Archer Armor
34:06 Bodkin Arrow
34:26 Leather Archer Armor
34:40 Ballistics
34:33 Thumb Ring
34:23 Town Watch
36:02 Chemistry
35:26 Conscription
35:54 Bracer
I KHAN DO IT
0:42 Loom
11:26 Feudal Age
12:42 Double-Bit Axe
21:50 Castle Age
21:04 Gold Mining
21:00 Horse Collar
21:49 Fletching
22:00 Padded Archer Armor
23:44 Crossbowman
24:21 Bodkin Arrow
31:59 Bloodlines
javipuerto
4:41 Loom
10:24 Feudal Age
11:11 Double-Bit Axe
11:10 Horse Collar
20:36 Castle Age
21:46 Bow Saw
21:39 Heavy Plow
21:44 Caravan
24:11 Fervor
27:08 Wheelbarrow
32:15 Imperial Age
30:37 Fletching
31:41 Hand Cart
31:14 Town Watch
31:30 Bodkin Arrow
33:09 Siege Engineers
34:47 Chemistry
Fu
0:38 Loom
11:48 Feudal Age
15:29 Castle Age
14:26 Double-Bit Axe
20:57 Padded Archer Armor
22:19 Bloodlines
22:09 Husbandry
22:59 Leather Archer Armor
22:33 Horse Collar
24:38 Wheelbarrow
28:44 Gold Mining
33:23 Imperial Age
31:40 Fletching
32:26 Bodkin Arrow
33:02 Stone Mining
34:50 Ring Archer Armor
35:36 Bow Saw
37:20 Chemistry
36:45 Conscription
差不多先生
11:39 Feudal Age
15:45 Castle Age
14:42 Double-Bit Axe
16:49 Wheelbarrow
23:27 Hand Cart
23:52 Bow Saw
29:32 Imperial Age
28:41 Scale Barding Armor
28:47 Forging
30:44 Chain Barding Armor
31:00 Iron Casting
29:53 Cavalier
30:35 Husbandry
31:13 Conscription
32:46 Plate Barding Armor
34:15 Blast Furnace
33:33 Paladin
36:25 Gold Mining
屁屁寶寶
12:18 Feudal Age
12:48 Loom
12:29 Man-at-Arms
12:55 Arson
13:38 Double-Bit Axe
14:58 Wheelbarrow
15:32 Gold Mining
15:53 Horse Collar
16:28 Town Watch
18:43 Stone Mining
20:52 Fletching
24:18 Castle Age
23:25 Padded Archer Armor
23:43 Scale Mail Armor
23:54 Forging
25:42 Hand Cart
25:38 Bow Saw
25:35 Heavy Plow
25:45 Elite Skirmisher
26:32 Bodkin Arrow
28:14 Chain Mail Armor
28:15 Leather Archer Armor
32:02 Gold Shaft Mining
32:24 Squires
33:48 Iron Casting
33:48 Pikeman
36:30 Stone Shaft Mining
36:19 Caravan
Boar to Death
5:35 Loom
11:32 Feudal Age
15:31 Castle Age
13:14 Horse Collar
13:21 Double-Bit Axe
16:43 Bow Saw
18:30 Wheelbarrow
22:41 Gold Mining
25:46 Gold Shaft Mining
29:59 Imperial Age
28:58 Hand Cart
28:53 Squires
28:38 Arson
28:56 Scale Mail Armor
29:06 Forging
29:44 Town Watch
30:23 Chain Mail Armor
30:02 Halberdier
31:45 Chemistry
30:49 Torsion Engines
31:28 Ballistics
31:43 Conscription
31:39 Murder Holes
32:38 Plate Mail Armor
32:44 Iron Casting
34:01 Siege Engineers
34:28 Caravan
36:23 Blast Furnace
Connection lost

Rejoining the realm…

Still unreachable

The connection could not be restored.

Session expired

The server has moved on; the page needs a fresh start.